 Dungeon Crawl Stone Soup version 0.17-a0-1942-g46ae386 (webtiles) character file.

29 ololoev the Slasher (level 3, 12/26 HPs)
             Began as a High Elf Fighter on Sept 30, 2015.
             Quit the game on level 3 of the Dungeon.
             The game lasted 00:02:12 (353 turns).

ololoev the Slasher (High Elf Fighter)               Turns: 353, Time: 00:02:12

Health: 12/26      AC:  6    Str: 21    XL:     3   Next: 1%
Magic:  4/4        EV:  9    Int: 11    God:
Gold:   65         SH:  0    Dex: 15    Spells: 0 memorised, 2 levels left

rFire  . . .     SeeInvis .     a - +0 long sword
rCold  . . .     Clarity  .     b - +0 scale mail
rNeg   . . .     SustAt   .     (no shield)
rPois  .         Gourm    .     (no helmet)
rElec  .         Spirit   .     (no cloak)
rCorr  .         Warding  .     (no gloves)
rMut   .         Stasis   .     (no boots)
MR     .....                    (no amulet)
Stlth  ..........               (no ring)
                                (no ring)

@: mighty, not resistant to hostile enchantments, extremely unstealthy
A: no striking features
a: no special abilities

Inventory:

Hand weapons
 a - a +0 long sword (weapon)
Armour
 b - a +0 scale mail (worn)
 c - a +0 shield
Scrolls
 g - a scroll of noise {unknown}
 h - a scroll of enchant armour {unknown}
 i - a scroll of teleportation {unknown}
Potions
 d - a potion of lignification {unknown}
Comestibles
 e - 2 bread rations
 f - a slice of pizza


   Skills:
 + Level 3.3 Fighting
 * Level 3.4 Long Blades
 + Level 3.0 Armour
 - Level 2.6 Shields


You had 2 spell levels left.
You didn't know any spells.


You were on level 3 of the Dungeon.
You were not hungry.

You visited 1 branch of the dungeon, and saw 3 of its levels.

You collected 65 gold pieces.

#### ..# #.#
#.#########
.##+######..@..o.o..
#............###.>o..
####............###
..>
..................+ .
#####............##
...##...[.........#
.#.##.............#
...##.............#
...)'.............#

Notes
Turn   | Place    | Note
--------------------------------------------------------------
     0 | D:1      | ololoev the High Elf Fighter began the quest for the Orb.
     0 | D:1      | Reached XP level 1. HP: 16/16 MP: 2/2
   158 | D:2      | Reached XP level 2. HP: 17/21 MP: 3/3
   301 | D:3      | Reached XP level 3. HP: 13/26 MP: 4/4
   314 | D:2      | Found a shimmering altar of Xom.
   351 | D:3      | Noticed an orc warrior
   353 | D:3      | Quit the game

Dungeon Overview and Level Annotations

Branches:
Dungeon (3/15)

Altars:
Xom


Message History

You hit the worm.
The worm is moderately wounded.
The worm closely misses you.
You slash the worm!
The worm is almost dead.
You slash the worm!
You kill the worm!
You have reached level 3!
Your experience leads to an increase in your attributes!
Your base attributes are Str 15, Int 11, Dex 14.
Increase (S)trength, (I)ntelligence, or (D)exterity?
You feel stronger.
You feel agile.
Items here: )) ††† a dagger; a mace; a worm corpse; an orc corpse; an orc corpse
There is a stone staircase leading up here.
You climb upwards.
There is a stone staircase leading down here.
d - a puce potion
Found a whip.
Found a shimmering altar of Xom.
There is a stone staircase leading down here.
You climb downwards.
There is a stone staircase leading up here.
You now have 39 gold pieces (gained 11).
Items here: )) ††† a dagger; a mace; a worm corpse; an orc corpse; an orc corpse
There is an open door here.
Found an escape hatch in the floor.
Found 7 gold pieces.
You now have 58 gold pieces (gained 19).
You now have 65 gold pieces (gained 7).
An orc warrior comes into view. It is wielding a war axe.
The orc warrior shouts!
An orc priest comes into view.
An orc priest comes into view. It is wielding a war axe.
The orc priest shouts! x2
The orc priest mumbles some strange prayers to Beogh against you.
Pain shoots through your body!
Found two stone staircases leading down.
Are you sure you want to abandon this character and quit the game? (Confirm with "yes".)

You could see an orc warrior and 2 orc priests.

Vanquished Creatures
  A worm (D:3)
  3 orcs (D:3)
  A giant cockroach (D:2)
  2 goblins (D:2)
  5 hobgoblins
  A quokka (D:2)
  A giant newt (D:2)
  3 kobolds
  5 rats
22 creatures vanquished.

Action                   || total
-------------------------++-------
Melee: Long sword        ||    61
  Use: Potion            ||     1

Vault maps used:
D:1:      saegor_arrival_simple_c, supply_closet_lemuel, minmay_misc_feat_room,
          moated_statue
D:2:      nicolae_overflow_hidden_temple, st_stairs_7, uniq_robin, uniq_iyjb,
          uniq_jessica
D:3:      lemuel_doored_altar
